 Dungeon Crawl Stone Soup version 0.27.0-1-g7a089689b8 (webtiles) character file.

Game seed: 17506831679902738633

7052 bearlyready the Thaumaturge (level 11, -5/79 HPs)
             Began as a Djinni Conjurer on Aug 9, 2021.
             Was an Elder of the Shining One.
             Killed by an exploding fulminant prism (18 damage)
             ... on level 9 of the Dungeon.
             The game lasted 00:25:37 (9187 turns).

bearlyready the Thaumaturge (Djinni Conjurer)       Turns: 9187, Time: 00:25:37

Health: -5/79      AC:  9    Str:  6    XL:     11   Next: 30%
Gold:   355        EV: 16    Int: 22    God:    the Shining One [****..] SH:  0 Dex: 13

rFire    + + .     SeeInvis .   J - +2 dagger (elec)
rCold    x . .     Faith    .   (no shield)
rNeg     + + .     Spirit   .   L - +0 acid dragon scales
rPois    ∞         Reflect  .   Q - +1 hat
rElec    .         Harm     .   I - +0 cloak
rCorr    +         Rampage  .   g - +0 pair of gloves
Will     +....                  (boots unavailable)
Stlth    +.........             (no amulet)
HPRegen  0.23/turn              q - +4 ring of evasion
MPRegen  0.00/turn              i - +4 ring of slaying

@: flying, glowing
A: sickness immunity, fire resistance 2, cold vulnerability 1, float, innate
caster, hp casting, extra vitality 1
a: Renounce Religion, Divine Shield, Cleansing Flame


You were on level 9 of the Dungeon.
You worshipped the Shining One.
The Shining One was greatly pleased with you.
You visited 1 branch of the dungeon, and saw 9 of its levels.
You also visited: Ossuary.

You collected 355 gold pieces.

Inventory:

Hand Weapons
 d - a +0 long sword
 y - a +0 flail of protection
 C - a +0 morningstar
 H - a +4 scimitar of flaming
 J - a +2 dagger of electrocution (weapon)
Missiles
 h - 347 stones
 N - 3 poisoned darts
Armour
 a - a +0 robe
 g - a +0 pair of gloves (worn)
 k - a +0 kite shield
 n - a +0 helmet
 I - a +0 cloak (worn)
 L - +0 acid dragon scales (worn)
 Q - a +1 hat (worn)
Magical Staves
 v - a staff of air
Jewellery
 i - a +4 ring of slaying (right hand)
 j - a ring of willpower
 p - a +6 ring of dexterity
 q - a +4 ring of evasion (left hand)
 r - a +6 ring of intelligence
 M - a +6 ring of intelligence
Wands
 w - a wand of flame (22)
 D - a wand of iceblast (7)
 K - a wand of acid (3)
Scrolls
 e - a scroll of enchant weapon
 m - 3 scrolls of torment
 s - 3 scrolls of blinking
 t - 3 scrolls of enchant armour
 E - a scroll of silence {unknown}
 O - a scroll of teleportation
 P - a scroll of identify
Potions
 b - 2 potions of lignification {unknown}
 c - a potion of magic {unknown}
 f - a potion of attraction
 l - 2 potions of haste
 o - 2 potions of berserk rage {unknown}
 u - 7 potions of curing
 x - 2 potions of degeneration {unknown}
 z - a potion of cancellation {unknown}
 A - 2 potions of heal wounds {unknown}
 B - 2 potions of might {unknown}
 F - a potion of mutation {unknown}
 G - a potion of brilliance {unknown}


   Skills:
 + Level 7.4 Fighting
 + Level 6.0 Dodging
 - Level 1.5 Stealth
 + Level 5.0 Shields
 - Level 9.0 Spellcasting
 + Level 5.0 Invocations
 + Level 5.0 Evocations


You couldn't memorise any spells.
You knew the following spells:

 Your Spells              Type           Power      Damage    Failure   Level
a - Magic Dart            Conj           100%       1d8       1%          1
b - Searing Ray           Conj           98%        3d7       1%          2
c - Dazzling Flash        Conj/Hex       98%        N/A       1%          3
d - Fulminant Prism       Conj/Hex       24%        3d13      3%          4
e - Iskenderun's Mystic   Conj/Tloc      49%        2d11      3%          4
f - Shock                 Conj/Air       100%       1d9       1%          1
g - Poisonous Vapours     Pois/Air       98%        N/A       1%          2
h - Lesser Beckoning      Tloc           24%        N/A       1%          3
i - Summon Guardian Gole  Hex/Summ       49%        N/A       1%          3
j - Alistair's Intoxicat  Tmut/Pois      32%        N/A       9%          5
Your spell library was empty.

Dungeon Overview and Level Annotations

Branches:
Dungeon (9/15)             Temple (0/1) D:7            Lair (0/6) D:8
Ossuary (visited)
    Orc: D:9-12

Altars:
Qazlal
The Shining One


Innate Abilities, Weirdness & Mutations

You are immune to sickness and miasma.
You are immune to poison.
Your flesh is very heat resistant. (rF++)
You are vulnerable to cold. (rC-)
You float through the air rather than walking.
You learn spells naturally, not from books.
Your magical power is your life essence.
You have superior vitality. (+4 HP)


Message History

Confirm with . or Enter, or press ? or * to list all spells.
Aiming: Fulminant Prism (dangerous; 3% risk of failure)
Press: ? - help, Dir - move target You conjure a prism of explosive energy!
A fulminant prism comes into view.
Your fulminant prism crackles loudly.
The centaur shoots an arrow.
The arrow misses you.
Your fulminant prism explodes!
The blast of energy engulfs the troll!!
The troll is severely wounded.
The blast of energy engulfs the centaur!!
The centaur is severely wounded.
You hear an angry buzzing noise. x2
Casting: Fulminant Prism (dangerous; 3% risk of failure)
Confirm with . or Enter, or press ? or * to list all spells.
Aiming: Fulminant Prism (dangerous; 3% risk of failure)
Press: ? - help, Dir - move target You conjure a prism of explosive energy!
A fulminant prism comes into view.
The centaur shoots an arrow.
The arrow hits you.
Casting: Fulminant Prism (dangerous; 3% risk of failure)
Confirm with . or Enter, or press ? or * to list all spells.
Aiming: Fulminant Prism (dangerous; 3% risk of failure)
Press: ? - help, Dir - move target You conjure a prism of explosive energy!
A fulminant prism comes into view.
Your fulminant prism crackles loudly.
You hit the troll.
The troll is severely wounded.
The troll bites you!
* * * LOW HITPOINT WARNING * * *
The troll misses you. The troll claws you!
* * * LOW HITPOINT WARNING * * *
Your fulminant prism explodes!
The blast of energy engulfs the troll!
You kill the troll!
The blast of energy engulfs the centaur!!
You kill the centaur!
The blast of energy engulfs you!!
You die...

#################
##.......<<<......
##.................
##...............)..
##...(...............
##....................
##.....................
##.....@................
##....:..)...............
##.......................
##.....(*................
##....................
##.....................
#....[.)...............
........)..............
......................≈


You could see a friendly fulminant prism.

Vanquished Creatures
  Gastronok (D:8)
  Erica (D:8)
  2 two-headed ogres
  Maggie (D:7)
  A troll (D:9)
  Grinder (D:5)
  A wyvern (D:9)
  Sigmund (D:3)
  2 steam dragons
  A water moccasin (D:7)
  A black bear (D:7)
  An orc warrior (D:7)
  A necrophage (D:7)
  A sky beast (D:6)
  3 centaurs
  2 phantoms (D:6)
  A kobold brigand (D:8)
  4 bullfrogs
  Blork the orc (D:4)
  7 scorpions (Ossuary)
  A water moccasin zombie (D:5)
  3 wights (D:6)
  5 howler monkeys
  4 centaur zombies
  A human zombie (Ossuary)
  A hound (D:6)
  A centaur skeleton (D:5)
  3 iguanas
  Terence (D:2)
  4 orc wizards
  3 scorpion zombies (Ossuary)
  3 mummies (Ossuary)
  A howler monkey zombie (D:8)
  Robin (D:3)
  6 adders
  2 river rats (D:5)
  2 white imps
  An ufetubus (D:5)
  2 adder skeletons
  A worm (D:3)
  14 orcs
  6 endoplasms
  4 giant cockroaches
  A gnoll zombie (Ossuary)
  9 goblins
  7 hobgoblins
  9 jackals
  6 kobolds
  4 quokkas
  6 ball pythons
  8 bats
  3 frilled lizards
  4 goblin zombies (Ossuary)
  A hobgoblin zombie (Ossuary)
  2 kobold zombies (Ossuary)
  An orc zombie (Ossuary)
  7 rats
172 creatures vanquished.

Vanquished Creatures (others)
  An orc (D:6)
  16 fulminant prisms
17 creatures vanquished.

Grand Total: 189 creatures vanquished

Notes
Turn   | Place    | Note
-------+----------+-------------------------------------------
     0 | D:1      | bearlyready the Djinni Conjurer began the quest for the
                  | Orb.
     0 | D:1      | Reached XP level 1. HP: 15/15 MP: 0/0
   259 | D:1      | Reached XP level 2. HP: 21/21 MP: 0/0
   265 | D:1      | Found a faded altar of an unknown god.
   327 | D:1      | Became a worshipper of the Shining One
   327 | D:1      | Reached * piety under the Shining One
   866 | D:1      | Reached XP level 3. HP: 23/25 MP: 0/0
   866 | D:1      | Learned a level 1 spell: Shock
  1280 | D:2      | Reached skill level 4 in Spellcasting
  1522 | D:2      | Noticed Terence
  1539 | D:2      | Killed Terence
  1540 | D:2      | Reached XP level 4. HP: 18/31 MP: 0/0
  2016 | D:3      | Noticed Sigmund
  2028 | D:3      | Killed Sigmund
  2029 | D:3      | Reached skill level 5 in Spellcasting
  2029 | D:3      | Reached XP level 5. HP: 21/35 MP: 0/0
  2029 | D:3      | Learned a level 2 spell: Poisonous Vapours
  2029 | D:3      | Reached XP level 6. HP: 24/40 MP: 0/0
  2218 | D:3      | Noticed Robin
  2229 | D:3      | Killed Robin
  2608 | D:3      | Noticed a water elemental
  2610 | D:3      | Found a stormy altar of Qazlal.
  2612 | D:3      | Noticed a fire elemental
  2612 | D:3      | Noticed an air elemental
  2711 | D:4      | Noticed Blork the orc
  2723 | D:4      | Killed Blork the orc
  2726 | D:4      | Found a sand-covered staircase.
  2734 | Ossuary  | Entered an ossuary
  2785 | Ossuary  | Reached ** piety under the Shining One
  2795 | Ossuary  | Reached skill level 6 in Spellcasting
  2795 | Ossuary  | Reached XP level 7. HP: 37/45 MP: 0/0
  2795 | Ossuary  | Learned a level 3 spell: Lesser Beckoning
  3161 | Ossuary  | Reached skill level 7 in Spellcasting
  3161 | Ossuary  | Reached XP level 8. HP: 39/50 MP: 0/0
  3163 | Ossuary  | Reached *** piety under the Shining One
  3962 | D:4      | Reached skill level 8 in Spellcasting
  4845 | D:5      | Entered Level 5 of the Dungeon
  4878 | D:5      | Reached skill level 1 in Fighting
  5381 | D:5      | Reached **** piety under the Shining One
  5399 | D:5      | Reached XP level 9. HP: 14/60 MP: 0/0
  5399 | D:5      | Learned a level 3 spell: Summon Guardian Golem
  5402 | D:5      | Noticed Grinder
  6196 | D:5      | Killed Grinder
  6793 | D:6      | Reached skill level 9 in Spellcasting
  6797 | D:6      | Reached skill level 5 in Fighting
  7449 | D:6      | Reached skill level 1 in Shields
  7449 | D:6      | Reached skill level 1 in Invocations
  7449 | D:6      | Reached skill level 1 in Evocations
  7572 | D:7      | Reached XP level 10. HP: 64/71 MP: 0/0
  7606 | D:7      | Found a staircase to the Ecumenical Temple.
  7749 | D:7      | Noticed Maggie
  7998 | D:8      | Noticed Erica
  8011 | D:8      | Killed Erica
  8169 | D:8      | Noticed a two-headed ogre
  8382 | D:7      | Killed Maggie
  8706 | D:8      | Killed a two-headed ogre
  8829 | D:8      | Noticed Gastronok
  8848 | D:8      | Killed Gastronok
  8849 | D:8      | Reached skill level 5 in Dodging
  8849 | D:8      | Reached XP level 11. HP: 52/79 MP: 0/0
  8849 | D:8      | Learned a level 5 spell: Alistair's Intoxication
  9036 | D:8      | Found a staircase to the Lair.
  9151 | D:9      | Noticed a two-headed ogre
  9156 | D:9      | Killed a two-headed ogre
  9176 | D:9      | Reached skill level 5 in Shields
  9176 | D:9      | Reached skill level 5 in Invocations
  9176 | D:9      | Reached skill level 5 in Evocations
  9187 | D:9      | Killed by an exploding fulminant prism

Illustrated notes

Levels and vault maps discovered:
D:1:      minmay_arrival_up_and_down, layout_loops_ring,
          ebering_ecumenical_altar_ruins, minmay_misc_feat_four_crosses
D:2:      layout_rooms, uniq_terence
D:3:      minmay_bubble_buster, layout_rooms, nicolae_qazlal_style_of_elements,
          chequers_serial_rivers_micro_c, kennysheep_generic_room_15,
          uniq_robin, uniq_sigmund
D:4:      layout_basic, nicolae_ossuary_entry_plus, roderic_lattice_a,
          minmay_diced_spiral, uniq_blork_the_orc
D:5:      minmay_general_purpose_star, layout_basic, gup_sewer_entry_bowl,
          uniq_grinder
D:6:      layout_basic
D:7:      layout_rooms, minmay_temple_entry_ruins, uniq_maggie
D:8:      layout_basic, lair_entry_dummy, minivault_26, uniq_erica,
          uniq_gastronok
D:9:      layout_big_octagon, gammafunk_temple_overflow_claw,
          kennysheep_flooded_box

Skill      XL: |  1  2  3  4  5  6  7  8  9 10 11 |
---------------+----------------------------------+-----
Spellcasting   | 4 5 6 7 8 9 |  9.0
Fighting       | 3 5 7 |  7.4
Shields        | 1 4 5 |  5.0
Invocations    | 1 4 5 |  5.0
Evocations     | 1 4 5 |  5.0
Dodging        | 3 5 6 |  6.0
Stealth        | |  1.5

Action                   |  1- 3 |  4- 6 |  7- 9 | 10-12 || total
-------------------------+-------+-------+-------+-------++-------
Melee: Long sword        |    61 |    18 |    85 |     2 ||   166
       Dagger            |       |       |       |    30 ||    30
       Scimitar          |       |       |       |     1 ||     1
 Cast: Magic Dart        |     7 |       |       |       ||     7
       Searing Ray       |     7 |    11 |    48 |    13 ||    79
       Fulminant Prism   |       |     1 |       |    16 ||    17
       Summon Guardian G |       |       |     1 |       ||     1
       Shock             |       |       |       |     1 ||     1
Evoke: Wand              |       |       |     1 |       ||     1
  Use: Potion            |     2 |       |       |     1 ||     3
       Scroll            |       |     2 |     8 |     1 ||    11
Armor: Robe              |    25 |     6 |    40 |     2 ||    73
       Acid dragon scale |       |       |       |     8 ||     8
Dodge: Dodged            |    80 |    32 |   108 |    37 ||   257
       Rpst.: Long sword |    27 |     8 |    25 |     1 ||    61
       Scimitar          |       |       |       |     1 ||     1
